[Event "Titled Tuesday Blitz February 22 Early 2022"]
[White "Sargissyan, Sargis"]
[Black "Dev, Shah"]
[WhiteFideId "13303210"]
[BlackFideId "35019058"]
[WhiteElo "2174"]
[BlackElo "2098"]
[Result "1-0"]
[Round "04"]
[TimeControl "180+1"]
[Date "2022.02.22"]
[WhiteClock "0:00:22"]
[BlackClock "0:00:03"]

1. e4 e5 2. Nf3 Nc6 3. Bb5 a6 4. Ba4 Nf6 5. d3 b5 6. Bb3 Bc5 7. Nc3 d6 8. Nd5 h6 9. Nxf6+ Qxf6 10. Bd5 Bd7 11. c3 O-O 12. Rg1 Rae8 13. g4 Qg6 14. Nh4 Qh7 15. g5 hxg5 16. Bxg5 Ne7 17. Bf6 g6 18. Bxe7 Rxe7 19. Nxg6 Qxh2 20. Nxe7+ Kh8 21. Rf1 Bh3 22. Qf3 Bxf1 23. Kxf1 c6 24. Ke2 Qxf2+ 25. Qxf2 Bxf2 26. Rh1+ Kg7 27. Bxc6 Bc5 28. Nf5+ Kf6 29. Bd5 Rg8 30. Rh6+ Kg5 31. Kf3 f6 32. Bxg8 b4 33. Bf7 1-0


[Site "https://www.chess.com"]

[Event "Titled Tuesday Blitz February 22 Early 2022"]
[White "Sargsyan, Anna M."]
[Black "Dwilewicz, Katarzyna"]
[WhiteFideId "13308130"]
[BlackFideId "1148486"]
[WhiteElo "2271"]
[BlackElo "1907"]
[Result "0-1"]
[Round "04"]
[TimeControl "180+1"]
[Date "2022.02.22"]
[WhiteClock "0:00:10"]
[BlackClock "0:00:03"]

1. e4 c5 2. Nf3 e6 3. d4 cxd4 4. Nxd4 Nc6 5. Nc3 Qc7 6. Be3 a6 7. Qf3 Nf6 8. O-O-O Ne5 9. Qg3 b5 10. f4 Neg4 11. Bg1 b4 12. Na4 h5 13. h3 Nxe4 14. Qf3 Ngf6 15. g4 Bb7 16. Qe3 hxg4 17. Bg2 d5 18. hxg4 Rxh1 19. Bxh1 Bd6 20. Kb1 Bxf4 21. Qh3 O-O-O 22. Ne2 Be5 23. Bb6 Qc6 24. Bxd8 Kxd8 25. Qh8+ Ke7 26. b3 g6 27. Bxe4 Nxg4 28. Qh4+ Nf6 29. Bg2 a5 30. Nd4 Qc7 31. Bf1 Bg3 32. Qh3 Qf4 33. Bd3 Bf2 34. Ne2 Qg4 35. Qxg4 Nxg4 36. Rf1 e5 37. c3 e4 38. Bc2 f5 39. cxb4 axb4 40. Nf4 Kf6 41. Bd1 e3 42. Bxg4 fxg4 43. Nc5 Bc8 44. Ncd3 g3 45. Nxd5+ Kg5 46. N5f4 Bf5 47. Kc1 Kg4 48. Nxf2+ exf2 49. Ng2 Kf3 50. Nh4+ Ke2 51. Rd1 Bg4 52. Ng2 f1=Q 53. Rxf1 Kxf1 54. Ne3+ Ke2 55. Nxg4 g2 0-1


[Site "https://www.chess.com"]

[Event "Titled Tuesday Blitz February 22 Early 2022"]
[White "Sarkar, Justin"]
[Black "De Souza, Cristiano Gomes"]
[WhiteFideId "2010011"]
[BlackFideId "2151758"]
[WhiteElo "2038"]
[BlackElo "2068"]
[Result "0-1"]
[Round "04"]
[TimeControl "180+1"]
[Date "2022.02.22"]
[WhiteClock "0:00:02"]
[BlackClock "0:01:44"]

1. d4 Nf6 2. c4 g6 3. Nc3 Bg7 4. e4 d6 5. Bg5 O-O 6. Qd2 c5 7. d5 Nbd7 8. Be2 a6 9. a4 Qc7 10. h4 e6 11. h5 exd5 12. exd5 Re8 13. hxg6 fxg6 14. Nf3 Nf8 15. Bh6 Ng4 16. Bxg7 Qxg7 17. O-O h5 18. Ng5 Nh7 19. Nxh7 Kxh7 20. Bxg4 Bxg4 21. f3 Bf5 22. Rae1 h4 23. Qf4 Qd4+ 24. Qxd4 cxd4 25. Ne4 Bxe4 26. Rxe4 Rxe4 27. fxe4 Re8 28. Rf4 g5 29. Rf7+ Kg6 30. Rd7 Rxe4 31. Rxd6+ Kf5 32. Rd8 d3 33. Rf8+ Ke5 0-1


[Site "https://www.chess.com"]

[Event "Titled Tuesday Blitz February 22 Early 2022"]
[White "Seifert, Henryk"]
[Black "Jiang, Brian"]
[WhiteFideId "1100963"]
[BlackFideId "2627922"]
[WhiteElo "2120"]
[BlackElo "2410"]
[Result "0-1"]
[Round "04"]
[TimeControl "180+1"]
[Date "2022.02.22"]
[WhiteClock "0:00:07"]
[BlackClock "0:01:03"]

1. e4 c5 2. Nf3 Nc6 3. Bb5 e6 4. O-O Nge7 5. Re1 Nd4 6. Nxd4 cxd4 7. d3 a6 8. Ba4 Nc6 9. Qh5 Qa5 10. Qxa5 Nxa5 11. Bd2 Nc6 12. Bb3 Be7 13. a4 b6 14. Na3 Rb8 15. f4 O-O 16. e5 d6 17. exd6 Bxd6 18. Nc4 Bc7 19. g3 Rd8 20. Ne5 Nxe5 21. fxe5 Bb7 22. h4 Bd5 23. Bxd5 Rxd5 24. Bf4 Rc8 25. Re2 Bb8 26. Rf1 Kf8 27. Rff2 Ke8 28. Kf1 Rcc5 29. Re4 a5 30. Ke1 b5 31. axb5 Rxb5 32. b3 Bxe5 33. Bxe5 Rxe5 34. Rxe5 Rxe5+ 35. Kd2 Re3 36. Rf4 e5 37. Rg4 g6 38. c4 Rf3 39. Ke2 Rf6 40. Re4 Re6 41. Kd2 f6 42. Re1 Rb6 43. Ra1 Rxb3 44. Rxa5 Rb2+ 45. Kc1 Rg2 46. Ra8+ Kf7 47. Ra7+ Ke6 48. Rxh7 Rxg3 49. Rh6 Rxd3 50. Rxg6 Rc3+ 51. Kd2 Rxc4 52. h5 Rc3 53. h6 Rh3 0-1


[Site "https://www.chess.com"]

[Event "Titled Tuesday Blitz February 22 Early 2022"]
[White "Shahaliyev, Ismayil"]
[Black "Moroni, Luca Jr"]
[WhiteFideId "13406388"]
[BlackFideId "865834"]
[WhiteElo "2105"]
[BlackElo "2573"]
[Result "1-0"]
[Round "04"]
[TimeControl "180+1"]
[Date "2022.02.22"]
[WhiteClock "0:00:12"]
[BlackClock "0:00:16"]

1. d4 d6 2. Nf3 g6 3. g3 Bg7 4. Bg2 Bd7 5. Nc3 Qc8 6. h3 Nc6 7. e4 e5 8. Be3 Nge7 9. Qd2 O-O 10. O-O-O b5 11. Bh6 b4 12. Bxg7 Kxg7 13. Nd5 Nxd5 14. exd5 Nxd4 15. Nxd4 exd4 16. Qxd4+ Kg8 17. Qxb4 Rb8 18. Qc3 Rb5 19. Rd4 Re8 20. a3 Rc5 21. Rc4 Rxc4 22. Qxc4 Qb7 23. h4 Qb6 24. Qf4 Re2 25. Be4 Rxf2 26. Qg5 Qd4 27. Re1 Kg7 28. h5 h6 29. Qe3 Qxe3+ 30. Rxe3 gxh5 31. Rc3 Bf5 32. Bxf5 Rxf5 33. Rxc7 Rg5 34. Rxa7 Rxg3 35. b4 h4 36. b5 h3 37. Ra4 h2 38. Rh4 Rg1+ 39. Kb2 h1=Q 40. Rxh1 Rxh1 41. b6 Re1 42. a4 h5 43. b7 Re8 44. a5 h4 45. a6 h3 46. a7 h2 47. b8=Q Rxb8+ 48. axb8=Q h1=Q 49. Qxd6 Qe1 50. Qc5 f5 51. Qc3+ Qxc3+ 52. Kxc3 Kf6 53. Kd4 Kg5 54. d6 Kf6 55. c4 Ke6 56. c5 Kd7 1-0


[Site "https://www.chess.com"]

[Event "Titled Tuesday Blitz February 22 Early 2022"]
[White "Singh, Ojasva"]
[Black "Eynullayev, Altay"]
[WhiteFideId "25681958"]
[BlackFideId "13413562"]
[WhiteElo "1741"]
[BlackElo "2079"]
[Result "0-1"]
[Round "04"]
[TimeControl "180+1"]
[Date "2022.02.22"]
[WhiteClock "0:00:04"]
[BlackClock "0:00:20"]

1. e4 c5 2. Nf3 e6 3. d4 cxd4 4. Nxd4 Nc6 5. Nc3 a6 6. Nb3 Nf6 7. g3 d6 8. Bg2 Be7 9. O-O O-O 10. Be3 Bd7 11. a4 Rc8 12. a5 Ne5 13. Nd2 Bc6 14. h3 Ng6 15. Qe2 d5 16. Bb6 Qe8 17. exd5 Nxd5 18. Nxd5 Bxd5 19. Bxd5 exd5 20. c3 Qd7 21. h4 Qh3 22. h5 Nh4 23. gxh4 Bd6 24. f4 Rce8 25. Qg2 Qxh4 26. Qg5 Qh3 27. Rf3 Qe6 28. Re3 Qd7 29. h6 g6 30. Qf6 Qg4+ 31. Kf1 Qxf4+ 32. Qxf4 Bxf4 33. Rxe8 Rxe8 34. Nf3 Bxh6 35. Rd1 Bf4 36. Rxd5 h5 37. Rd7 g5 38. Rxb7 g4 39. Nh4 Bg5 40. Nf5 Re5 0-1


[Site "https://www.chess.com"]

[Event "Titled Tuesday Blitz February 22 Early 2022"]
[White "Sjugirov, Sanan"]
[Black "Ezat, Mohamed"]
[WhiteFideId "4189302"]
[BlackFideId "10600906"]
[WhiteElo "2602"]
[BlackElo "2386"]
[Result "1-0"]
[Round "04"]
[TimeControl "180+1"]
[Date "2022.02.22"]
[WhiteClock "0:00:27"]
[BlackClock "0:00:03"]

1. e4 c6 2. d4 d5 3. e5 c5 4. Nf3 Nc6 5. dxc5 Bg4 6. c3 e6 7. Be3 Nge7 8. Bb5 Bxf3 9. Qxf3 a6 10. Bxc6+ Nxc6 11. Qg3 Qc7 12. f4 h5 13. Nd2 h4 14. Qf2 h3 15. g4 g5 16. Nf3 gxf4 17. Bxf4 O-O-O 18. O-O-O Na5 19. Be3 Nc4 20. Bd4 Kb8 21. Kb1 Rc8 22. b3 Na3+ 23. Kb2 Nb5 24. a4 Na7 25. b4 Be7 26. Nd2 Bh4 27. Qf3 Bg5 28. Nb3 Nc6 29. Rde1 Rh7 30. Rhf1 Rg8 31. Re2 Bd8 32. Rg1 Bg5 33. Rg3 Rgh8 34. Qf1 Ne7 35. b5 Ng6 36. Rf3 Qd7 37. Ref2 axb5 38. axb5 Rf8 39. c6 bxc6 40. Nc5 Qc8 41. b6 Be7 42. Qa1 Qd8 43. Qa7+ 1-0


[Site "https://www.chess.com"]

[Event "Titled Tuesday Blitz February 22 Early 2022"]
[White "Slugin, Sergey"]
[Black "Klukin, Kirill"]
[WhiteFideId "4122569"]
[BlackFideId "24199273"]
[WhiteElo "2358"]
[BlackElo "2324"]
[Result "0-1"]
[Round "04"]
[TimeControl "180+1"]
[Date "2022.02.22"]
[WhiteClock "0:00:27"]
[BlackClock "0:00:49"]

1. e4 c5 2. Nf3 Nc6 3. d4 cxd4 4. Nxd4 e5 5. Nb5 d6 6. N1c3 a6 7. Na3 b5 8. Nd5 Nge7 9. Be3 Nxd5 10. exd5 Ne7 11. c4 Nf5 12. cxb5 Nxe3 13. fxe3 Qh4+ 14. g3 Qe4 15. Qc1 Bd7 16. Rg1 axb5 17. Bg2 Qb4+ 18. Qd2 Qc5 19. Nc2 Be7 20. Nb4 Bg5 21. Kf2 O-O 22. Rge1 Rfc8 23. a3 h5 24. Rac1 Qb6 25. Rxc8+ Rxc8 26. Rc1 Bxe3+ 27. Qxe3 Qxe3+ 28. Kxe3 Rxc1 0-1


[Site "https://www.chess.com"]

[Event "Titled Tuesday Blitz February 22 Early 2022"]
[White "Srdanovic, Jovana"]
[Black "Aldokhin, Ivan"]
[WhiteFideId "954810"]
[BlackFideId "24115720"]
[WhiteElo "2059"]
[BlackElo "2231"]
[Result "0-1"]
[Round "04"]
[TimeControl "180+1"]
[Date "2022.02.22"]
[WhiteClock "0:01:23"]
[BlackClock "0:00:20"]

1. d4 Nf6 2. c4 g6 3. Nc3 Bg7 4. Nf3 d6 5. Bg5 O-O 6. e3 Nc6 7. Be2 h6 8. Bh4 Bf5 9. O-O Ne4 10. Nd5 g5 11. Bg3 e6 12. Nc3 Ne7 13. Nxe4 Bxe4 14. Nd2 Bg6 15. f3 c5 16. Nb3 Nf5 17. Bf2 b6 18. e4 Ne7 19. Qd2 Qc7 20. Rfd1 Rad8 21. Rac1 f5 22. Bd3 Nc6 23. Bb1 fxe4 24. d5 Ne5 25. dxe6 Rxf3 26. e7 Qxe7 27. Qd5+ Rf7 28. Bxe4 Bxe4 29. Qxe4 Qe6 30. Bg3 Kh8 31. Re1 Rdd7 32. Rcd1 h5 33. Qa8+ Rf8 34. Qe4 h4 35. Bxe5 Bxe5 36. Qxe5+ dxe5 37. Rxd7 Qxd7 0-1


[Site "https://www.chess.com"]

[Event "Titled Tuesday Blitz February 22 Early 2022"]
[White "Srihari L R"]
[Black "Roberson, Peter T"]
[WhiteFideId "46617116"]
[BlackFideId "412384"]
[WhiteElo "2800"]
[BlackElo "2541"]
[Result "1-0"]
[Round "04"]
[TimeControl "180+1"]
[Date "2022.02.22"]
[WhiteClock "0:00:14"]
[BlackClock "0:00:01"]

1. c4 b6 2. Nc3 Bb7 3. Nf3 e6 4. g3 g6 5. Bg2 Bg7 6. O-O f5 7. d3 Nf6 8. e4 fxe4 9. Ng5 O-O 10. dxe4 h6 11. Nh3 e5 12. Nd5 d6 13. f4 Nbd7 14. Be3 Kh7 15. f5 g5 16. Bxg5 hxg5 17. Nxg5+ Kg8 18. Ne6 Qe8 19. Ndxc7 Qh5 20. Nxa8 Rxa8 21. Qxd6 Nc5 22. Nxg7 Kxg7 23. Qxe5 Bxe4 24. Rae1 Bxg2 25. Qc7+ Kg8 26. Kxg2 Re8 27. Re7 Rxe7 28. Qxe7 Nce4 29. Qd8+ Kg7 30. Qd3 Ng4 31. Qxe4 Qxh2+ 32. Kf3 Qh3 33. Qxg4+ 1-0


[Site "https://www.chess.com"]

[Event "Titled Tuesday Blitz February 22 Early 2022"]
[White "Stanisz, Patryk"]
[Black "Khumalo, Keith"]
[WhiteFideId "1123106"]
[BlackFideId "14319470"]
[WhiteElo "1876"]
[BlackElo "1992"]
[Result "0-1"]
[Round "04"]
[TimeControl "180+1"]
[Date "2022.02.22"]
[WhiteClock "0:00:06"]
[BlackClock "0:01:52"]

1. Nf3 Nf6 2. c4 e6 3. g3 d5 4. Bg2 Be7 5. O-O O-O 6. b3 b6 7. Bb2 Bb7 8. d4 Nbd7 9. Nbd2 Bd6 10. Rc1 Qe7 11. e3 a6 12. Re1 Rfd8 13. Qc2 Ne4 14. Nxe4 dxe4 15. Nd2 f5 16. Red1 c5 17. Nb1 cxd4 18. exd4 Rac8 19. Qe2 e5 20. Rc2 exd4 21. Bxd4 Nc5 22. Ba1 Be5 23. Bxe5 Qxe5 24. Rcd2 Rxd2 25. Rxd2 Re8 26. h3 g6 27. Qe3 Kg7 28. Kh2 Rf8 29. b4 f4 30. Qe1 Ne6 31. Rd7+ Rf7 32. Rxf7+ Kxf7 33. Qd2 Bc6 34. Nc3 fxg3+ 35. fxg3 e3 36. Qe1 Bxg2 37. Kxg2 Nd4 38. Kh2 Nf3+ 0-1


[Site "https://www.chess.com"]

[Event "Titled Tuesday Blitz February 22 Early 2022"]
[White "Steen, Bobby"]
[Black "Escudero Donoso, Felipe"]
[WhiteFideId "2053870"]
[BlackFideId "3410595"]
[WhiteElo "2115"]
[BlackElo "2184"]
[Result "0-1"]
[Round "04"]
[TimeControl "180+1"]
[Date "2022.02.22"]
[WhiteClock "0:00:05"]
[BlackClock "0:01:39"]

1. e4 c5 2. Nf3 e6 3. c3 Nf6 4. d4 Nxe4 5. d5 Nf6 6. d6 Nc6 7. Bd3 g6 8. Bc2 b6 9. Bf4 Bg7 10. O-O Nd5 11. Qd2 Nxf4 12. Qxf4 O-O 13. Nbd2 e5 14. Qe3 Bb7 15. Rad1 f5 16. Qd3 Kh8 17. Qc4 Na5 18. Qh4 Qxh4 19. Nxh4 e4 20. b4 Nc6 21. bxc5 bxc5 22. Nc4 Bxc3 23. g4 Bf6 24. Ng2 Nd4 25. Nge3 f4 26. Nd5 Bxd5 0-1


[Site "https://www.chess.com"]

[Event "Titled Tuesday Blitz February 22 Early 2022"]
[White "Steenbekkers, Franck"]
[Black "Oro, Luis"]
[WhiteFideId "1004220"]
[BlackFideId "104094"]
[WhiteElo "2131"]
[BlackElo "2291"]
[Result "1-0"]
[Round "04"]
[TimeControl "180+1"]
[Date "2022.02.22"]
[WhiteClock "0:02:01"]
[BlackClock "0:02:36"]

1. e4 e5 2. Nf3 Nc6 3. Bb5 a6 4. Ba4 Nf6 5. O-O b5 6. Bb3 Be7 7. Re1 d6 8. c3 Na5 9. Bc2 c5 10. h3 O-O 11. d4 cxd4 12. cxd4 Qc7 13. d5 Bd7 14. Nbd2 1-0


[Site "https://www.chess.com"]

[Event "Titled Tuesday Blitz February 22 Early 2022"]
[White "Stefanov, Plamen"]
[Black "Dushyant Sharma"]
[WhiteFideId "2900980"]
[BlackFideId "25065130"]
[WhiteElo "2137"]
[BlackElo "2012"]
[Result "0-1"]
[Round "04"]
[TimeControl "180+1"]
[Date "2022.02.22"]
[WhiteClock "0:00:16"]
[BlackClock "0:00:48"]

1. e4 d5 2. exd5 Nf6 3. Nc3 Nxd5 4. Bc4 c6 5. Qf3 e6 6. Nge2 Be7 7. d4 Nd7 8. O-O O-O 9. Bd3 N7f6 10. a3 b6 11. Rd1 Bb7 12. Qh3 g6 13. Bh6 Re8 14. Ne4 Nxe4 15. Bxe4 Bg5 16. c4 Bxh6 17. Qxh6 Nf6 18. Bf3 Qe7 19. Ng3 Qf8 20. Qxf8+ Kxf8 21. b4 Re7 22. h3 Rd8 23. a4 Red7 24. Ne2 e5 25. b5 e4 26. bxc6 Bxc6 27. Bg4 Rd6 28. d5 h5 29. Nd4 Bxd5 30. cxd5 hxg4 31. Nb5 Rxd5 32. Rxd5 Rxd5 33. Nxa7 gxh3 34. gxh3 Nh5 35. Nc8 Nf4 36. Nxb6 Rg5+ 37. Kh2 Rg2+ 38. Kh1 Rxf2 39. a5 e3 40. Nd7+ Kg7 41. a6 e2 42. a7 Rf1+ 43. Kh2 Rxa1 44. a8=Q Rxa8 45. h4 e1=Q 46. h5 Qf2+ 47. Kh1 Qg2# 0-1


[Site "https://www.chess.com"]

[Event "Titled Tuesday Blitz February 22 Early 2022"]
[White "Steil-Antoni, Fiona"]
[Black "Skuhala, Barbara"]
[WhiteFideId "4001249"]
[BlackFideId "14605465"]
[WhiteElo "2059"]
[BlackElo "2159"]
[Result "1/2-1/2"]
[Round "04"]
[TimeControl "180+1"]
[Date "2022.02.22"]
[WhiteClock "0:00:03"]
[BlackClock "0:01:19"]

1. e4 c5 2. Nc3 a6 3. f4 b5 4. Nf3 Bb7 5. d3 e6 6. g3 Ne7 7. Bg2 d5 8. Qe2 g6 9. O-O Bg7 10. Nd1 O-O 11. c3 Nbc6 12. Be3 d4 13. Bf2 Qd7 14. cxd4 Nxd4 15. Nxd4 Bxd4 16. Bxd4 Qxd4+ 17. Qe3 Rfd8 18. Qxd4 Rxd4 19. Nf2 Rad8 20. Rac1 Rc8 21. Rfd1 f5 22. Kf1 Kg7 23. Ke2 h6 24. Ke3 Rdd8 25. Rc2 Rd7 26. Rdc1 Rdc7 27. b3 g5 28. Bf3 Kf7 29. Nd1 b4 30. Nb2 Nc6 31. exf5 Nd4 32. Bxb7 Nxc2+ 33. Rxc2 Rxb7 34. Nc4 Rd8 35. Ne5+ Kf6 36. fxe6 Rc7 37. Nf7 Rd5 38. Nxh6 gxf4+ 39. gxf4 Kxe6 40. Ng4 Kf5 41. Ne5 Rh7 42. Rg2 Rh3+ 43. Ke2 Kxf4 44. Ng6+ Kf5 45. Ne7+ Ke6 46. Nxd5 Kxd5 47. Kd2 a5 48. Kc2 Kd4 49. Rg4+ Kd5 50. Rg2 Rh4 51. Kd2 Kd4 52. Kc2 Rh3 53. Rg4+ Kd5 54. Rg2 1/2-1/2


[Site "https://www.chess.com"]

[Event "Titled Tuesday Blitz February 22 Early 2022"]
[White "Svane, Rasmus"]
[Black "Kozak, Adam"]
[WhiteFideId "4657101"]
[BlackFideId "753246"]
[WhiteElo "2645"]
[BlackElo "2459"]
[Result "1-0"]
[Round "04"]
[TimeControl "180+1"]
[Date "2022.02.22"]
[WhiteClock "0:00:26"]
[BlackClock "0:00:02"]

1. Nf3 b6 2. g3 Bb7 3. Bg2 g6 4. O-O Bg7 5. d4 Nf6 6. c4 O-O 7. Re1 Na6 8. Bf4 e6 9. Qc2 c5 10. Nc3 Nh5 11. Bg5 Qc8 12. d5 exd5 13. cxd5 f5 14. Rad1 Nf6 15. e4 Nb4 16. Qb3 Nxe4 17. Nxe4 fxe4 18. Rxe4 Rf5 19. a3 Nxd5 20. g4 Rf8 21. Rxd5 c4 22. Qd1 Qc6 23. Ree5 Bxe5 24. Nxe5 Qc7 25. Bh6 Bxd5 26. Bxd5+ Kh8 27. Qd4 Qc5 28. Nxg6# 1-0


[Site "https://www.chess.com"]

[Event "Titled Tuesday Blitz February 22 Early 2022"]
[White "Sviridov, Valery"]
[Black "Pinheiro, Iung Alicio de O."]
[WhiteFideId "4120680"]
[BlackFideId "2104350"]
[WhiteElo "2454"]
[BlackElo "2588"]
[Result "1/2-1/2"]
[Round "04"]
[TimeControl "180+1"]
[Date "2022.02.22"]
[WhiteClock "0:00:10"]
[BlackClock "0:00:08"]

1. Nf3 c5 2. g3 g6 3. Bg2 Bg7 4. O-O Nc6 5. c4 e5 6. Nc3 Nge7 7. Ne1 O-O 8. Nc2 d6 9. Rb1 Rb8 10. b4 Be6 11. d3 cxb4 12. Nxb4 Nxb4 13. Rxb4 d5 14. Ba3 dxc4 15. dxc4 Nc6 16. Ra4 Qxd1 17. Rxd1 Rfd8 18. Nd5 f5 19. Rb1 e4 20. f3 Nd4 21. Kf2 b5 22. Rxa7 bxc4 23. Rxb8 Rxb8 24. fxe4 c3 25. Nxc3 Nc2 26. Rxg7+ Kxg7 27. Bd6 Rb2 28. Be5+ Kg8 29. exf5 gxf5 30. a4 Nb4 31. Ke3 Rb3 32. Kd4 Ra3 33. Kc5 Na2 34. Nxa2 Rxa2 35. Bc6 Rxe2 36. Kd6 Kf7 37. a5 Ra2 38. Bc3 Ra3 39. Bb4 Ra1 40. Bb5 Rb1 41. Kc5 Rc1+ 42. Kb6 Rb1 43. Kc5 Rc1+ 44. Kd4 Rb1 45. Kc3 Rc1+ 46. Kb2 Rh1 47. a6 Rxh2+ 48. Kc3 Ra2 49. Bc5 Ra5 50. Kb4 Ra1 51. a7 Rb1+ 52. Ka5 Ra1+ 53. Kb6 Bd5 54. Kc7 Ke6 55. Bd7+ Ke5 56. Bd6+ Kd4 57. Kb8 Rb1+ 58. Kc8 Ra1 59. Bb8 Kc5 60. Bxf5 h6 61. Kd8 Kd4 62. Ke7 Ra6 63. Bc8 Ra1 64. Kf6 Ra3 65. Kg6 Kc5 66. Kxh6 Kb6 67. g4 Be4 68. Bf5 Bxf5 69. gxf5 Kb7 70. f6 Rf3 71. Kg7 Rxf6 72. Kxf6 Ka8 73. Bd6 Kb7 74. Be7 Ka8 75. Bf8 Kb7 76. Be7 Kxa7 1/2-1/2


[Site "https://www.chess.com"]

[Event "Titled Tuesday Blitz February 22 Early 2022"]
[White "Sviridova, Vlada"]
[Black "Yuan, Qingyu"]
[WhiteFideId "24109606"]
[BlackFideId "8609772"]
[WhiteElo "2101"]
[BlackElo "2359"]
[Result "0-1"]
[Round "04"]
[TimeControl "180+1"]
[Date "2022.02.22"]
[WhiteClock "0:00:45"]
[BlackClock "0:00:24"]

1. d4 d5 2. c4 e6 3. Nf3 Nf6 4. Nc3 a6 5. cxd5 exd5 6. Bf4 Bd6 7. Bg5 Be6 8. e3 Nbd7 9. Bd3 O-O 10. O-O c6 11. Qc2 h6 12. Bf4 Qc7 13. Bxd6 Qxd6 14. a3 Bg4 15. Be2 Rfe8 16. h3 Bh5 17. Nd2 Bxe2 18. Nxe2 Re6 19. Nc3 Rae8 20. Rae1 Nh5 21. Qd3 Nf4 22. Qc2 Qe7 23. Nf3 Nh5 24. Nh2 Rg6 25. Kh1 Ndf6 26. g4 Qe6 27. gxh5 Rg5 28. f4 Rxh5 29. f5 Qd6 30. Rf3 Ne4 31. Rg1 Ng5 32. Rfg3 Nxh3 33. Qg2 Nxg1 34. Rxg7+ Kh8 35. Qxg1 Rxh2+ 36. Qxh2 Qxh2+ 37. Kxh2 Kxg7 38. Kg3 Rxe3+ 39. Kf4 Rxc3 40. bxc3 Kf6 0-1


[Site "https://www.chess.com"]

[Event "Titled Tuesday Blitz February 22 Early 2022"]
[White "Szpar, Milosz"]
[Black "Zhigalko, Sergei"]
[WhiteFideId "1184989"]
[BlackFideId "13502956"]
[WhiteElo "2447"]
[BlackElo "2662"]
[Result "1/2-1/2"]
[Round "04"]
[TimeControl "180+1"]
[Date "2022.02.22"]
[WhiteClock "0:00:05"]
[BlackClock "0:00:08"]

1. d4 Nf6 2. Bg5 d5 3. Bxf6 exf6 4. e3 Bd6 5. g3 O-O 6. Bg2 c6 7. Ne2 Nd7 8. Nd2 f5 9. O-O Nf6 10. c4 Be6 11. Rc1 Ne4 12. cxd5 cxd5 13. Nc3 Rc8 14. Ndb1 Qb6 15. Rc2 Rc7 16. Qe2 Rfc8 17. Rfc1 g6 18. Qe1 h5 19. Bf1 a6 20. f3 Nf6 21. Bd3 h4 22. Na4 Rxc2 23. Rxc2 Qd8 24. Rxc8 Qxc8 25. Nd2 Qc7 26. Kg2 Nh5 27. f4 Nf6 28. Nb3 Ne4 29. Qc1 h3+ 30. Kg1 Qd7 31. Nac5 Qc8 32. Bf1 Bxc5 33. dxc5 d4 34. Nxd4 Qxc5 35. Qxc5 Nxc5 36. b3 Ne4 37. Bxh3 Nc3 38. Bg2 b6 39. a4 b5 40. Bb7 bxa4 41. bxa4 a5 42. Bc6 Kf8 43. Kf2 Ke7 44. Ke1 Bd5 45. Bxd5 Nxd5 46. Kd2 Kd6 47. Nb3 Nb6 48. Nxa5 Nxa4 49. Nc4+ Ke6 50. Ke2 Nc5 51. Kf3 Ne4 52. Ne5 Nd2+ 53. Kf2 Ne4+ 54. Kf3 Nd2+ 55. Ke2 Ne4 56. Nf3 Kf6 57. Nd4 Nc3+ 58. Kf3 Ne4 59. Ne2 Nd2+ 60. Kg2 Ne4 61. h3 Nd2 62. g4 Ne4 63. Kf3 Nd2+ 64. Kg2 Ne4 65. Ng3 Nd2 66. gxf5 gxf5 67. Nh5+ Kg6 68. Ng3 Nc4 69. Kf3 Nb6 70. Ne2 Nd5 71. Nd4 Kf6 72. h4 Nc3 73. h5 Nd5 74. h6 Ne7 75. Nb5 Kg6 76. Nd6 f6 77. Ne8 Ng8 78. Nd6 Nxh6 79. e4 fxe4+ 80. Nxe4 Nf7 81. Nf2 f5 82. Nd3 Kf6 83. Ne1 Nd6 84. Ng2 Nf7 85. Nh4 Nd6 86. Nxf5 Nxf5 87. Kg4 Ne7 88. f5 Nxf5 1/2-1/2


[Site "https://www.chess.com"]

[Event "Titled Tuesday Blitz February 22 Early 2022"]
[White "Talibov, Shiroghlan"]
[Black "Pichot, Alan"]
[WhiteFideId "13429078"]
[BlackFideId "110973"]
[WhiteElo "2070"]
[BlackElo "2543"]
[Result "1-0"]
[Round "04"]
[TimeControl "180+1"]
[Date "2022.02.22"]
[WhiteClock "0:00:20"]
[BlackClock "0:00:01"]

1. c4 c6 2. Nc3 d5 3. d4 Nf6 4. Nf3 e6 5. e3 Nbd7 6. Qc2 Bd6 7. Bd3 O-O 8. O-O dxc4 9. Bxc4 b5 10. Be2 a6 11. e4 e5 12. dxe5 Nxe5 13. Nxe5 Bxe5 14. Be3 Qe7 15. Rad1 Bb7 16. Bf3 c5 17. Rfe1 Rac8 18. Nd5 Bxd5 19. exd5 Qd6 20. g3 Rfe8 21. Bg2 Ng4 22. Bh3 Nxe3 23. Rxe3 Bd4 24. Rxe8+ Rxe8 25. Bg2 g6 26. b3 Qf6 27. Kf1 Qe5 28. Qd2 Bc3 29. Qc1 Qe2+ 30. Kg1 Bd4 31. Rf1 Qxa2 32. d6 Qxb3 33. Qg5 Qe6 34. Bc6 Rf8 35. Qe7 Bf6 36. Re1 Qf5 37. Qc7 c4 38. d7 c3 39. Re8 c2 40. Bb7 Qd3 41. Qc5 Qd1+ 42. Kg2 Bg7 43. d8=Q Qxd8 44. Rxd8 Rxd8 45. Qxc2 Rb8 46. Qc7 1-0


[Site "https://www.chess.com"]

[Event "Titled Tuesday Blitz February 22 Early 2022"]
[White "Tasev, Dejan"]
[Black "Fiorito, Fabian"]
[WhiteFideId "936618"]
[BlackFideId "100200"]
[WhiteElo "2253"]
[BlackElo "2395"]
[Result "1/2-1/2"]
[Round "04"]
[TimeControl "180+1"]
[Date "2022.02.22"]
[WhiteClock "0:00:15"]
[BlackClock "0:00:11"]

1. e4 c6 2. d4 d5 3. Nc3 dxe4 4. Nxe4 Nf6 5. Nxf6+ exf6 6. c3 Bd6 7. Bd3 O-O 8. Qc2 Re8+ 9. Ne2 h5 10. h3 Nd7 11. Bd2 Nf8 12. O-O-O g6 13. g4 hxg4 14. hxg4 Bxg4 15. Rdg1 Qd7 16. Nf4 f5 17. Bc4 b5 18. Bb3 Ne6 19. Rxg4 fxg4 20. Nxg6 Kg7 21. Ne5 Bxe5 22. Qh7+ Kf8 23. dxe5 Ke7 24. Qf5 Kd8 25. Be3 Kc7 26. Rd1 Qe7 27. Qxg4 Rad8 28. Rh1 Kb7 29. Qf3 Rd7 30. Kb1 Red8 31. a3 a5 32. Qe4 Nc5 33. Bxc5 Qxc5 34. f4 Rd2 35. Rc1 Qf2 36. Bc2 Re2 37. Qf5 Rdd2 38. Qxf7+ Kb6 39. Qf5 Re1 40. Rxe1 Qxe1+ 41. Ka2 Qc1 42. Qc8 Qxc2 43. Qb8+ Kc5 44. Qa7+ Kc4 45. Qf7+ Kc5 46. Qe7+ Kd5 47. Qd6+ Ke4 48. Qxc6+ Kxf4 49. Qxb5 Qe4 50. e6 Qd5+ 51. Qxd5 Rxd5 52. Kb3 Re5 53. Ka4 Rxe6 54. Kxa5 Re5+ 55. Kb6 Ke4 56. b4 Kd3 57. a4 Kc4 58. b5 Kxc3 59. a5 Kb4 60. a6 Rxb5+ 61. Kc6 Ka5 62. a7 Rb6+ 63. Kc7 Ra6 64. Kb7 Rb6+ 65. Kc7 Ra6 66. Kb7 Rb6+ 67. Kc7 1/2-1/2


[Site "https://www.chess.com"]

[Event "Titled Tuesday Blitz February 22 Early 2022"]
[White "Terzi, Alexei"]
[Black "Pavlidou, Ekaterini"]
[WhiteFideId "13505076"]
[BlackFideId "4213262"]
[WhiteElo "2031"]
[BlackElo "2127"]
[Result "0-1"]
[Round "04"]
[TimeControl "180+1"]
[Date "2022.02.22"]
[WhiteClock "0:00:48"]
[BlackClock "0:01:48"]

1. e4 c5 2. Nc3 Nc6 3. Bb5 Nd4 4. Nf3 e6 5. Nxd4 cxd4 6. Ne2 a6 7. Ba4 b5 8. Bb3 Bc5 9. d3 Ne7 10. O-O O-O 11. f4 f6 12. Ng3 d5 13. Qe2 Bb7 14. Kh1 Qd7 15. Bd2 a5 16. a4 b4 17. Rae1 Rae8 18. Qg4 f5 19. exf5 Nxf5 20. Nxf5 Rxf5 21. Re2 Ref8 22. Rfe1 R5f6 23. Rxe6 Bc8 24. f5 Rxf5 25. h3 Qxe6 26. Rxe6 Bxe6 27. Qg3 h5 28. h4 Ba7 29. Bh6 Rf1+ 30. Kh2 Bb8 0-1


[Site "https://www.chess.com"]

[Event "Titled Tuesday Blitz February 22 Early 2022"]
[White "Tillis., Bryan"]
[Black "Brodowski, Piotr"]
[WhiteFideId "2059053"]
[BlackFideId "1124480"]
[WhiteElo "2379"]
[BlackElo "2422"]
[Result "0-1"]
[Round "04"]
[TimeControl "180+1"]
[Date "2022.02.22"]
[WhiteClock "0:00:03"]
[BlackClock "0:00:35"]

1. Nf3 b5 2. c3 Bb7 3. a4 a6 4. axb5 axb5 5. Rxa8 Bxa8 6. Qb3 Bxf3 7. gxf3 c6 8. d4 g6 9. Bf4 Bg7 10. Nd2 Nf6 11. e3 O-O 12. Bg3 d6 13. Be2 Nbd7 14. f4 Re8 15. O-O e5 16. fxe5 dxe5 17. Bf3 e4 18. Bg2 h5 19. h3 Nb6 20. Qc2 Qd5 21. b3 c5 22. c4 bxc4 23. bxc4 Qf5 24. d5 Nbd7 25. Rb1 g5 26. Rb5 h4 27. Bh2 Ne5 28. Bxe5 Rxe5 29. Qd1 g4 30. hxg4 Nxg4 31. Qe2 Qg6 32. Kh1 h3 33. Bf1 Rf5 34. f4 exf3 35. Nxf3 Qd6 0-1


[Site "https://www.chess.com"]